 Dungeon Crawl Stone Soup version 0.18.1-48-g4cf74bf (console) character file.

5551 Kloppie the Carver (level 10, -11/101 HPs)
             Began as a Minotaur Berserker on June 24, 2016.
             Was an Elder of Trog.
             Mangled by an orc warrior
             ... wielding a +0 glaive
              (19 damage)
             ... on level 9 of the Dungeon.
             The game lasted 00:14:40 (8843 turns).

Kloppie the Carver (Minotaur Berserker)             Turns: 8843, Time: 00:14:41

Health: -11/101    AC:  5    Str: 22    XL:     10   Next: 44%
Magic:  9/9        EV: 12    Int:  4    God:    Trog [****..]
Gold:   474        SH:  0    Dex: 13    Spells: 0 memorised, 9 levels left

rFire  . . .     SeeInvis .     a - +4 scimitar
rCold  . . .     Gourm    .     y - +1 robe of Circular Logic {rN+ Slay+2}
rNeg   + . .     Faith    .     (no shield)
rPois  .         Spirit   .     (helmet restricted)
rElec  .         Dismiss  .     i - +1 cloak
rCorr  .         Reflect  .     (no gloves)
SustAt .         Harm     .     (no boots)
MR     .....                    (no amulet)
Stlth  +.........               (no ring)
                                (no ring)

@: exhausted, slowed, very slow, not resistant to hostile enchantments, very
unstealthy
A: retaliatory headbutt, horns 2
a: Berserk, Trog's Hand, Brothers in Arms, Burn Spellbooks, Renounce Religion


You were on level 9 of the Dungeon.
You worshipped Trog.
Trog was greatly pleased with you.
You were very hungry.

You visited 1 branch of the dungeon, and saw 9 of its levels.

You collected 474 gold pieces.

Inventory:

Hand Weapons
 a - a +4 scimitar (weapon)
 r - a +1 falchion
Armour
 i - a +1 cloak (worn)
 t - a +2 leather armour of cold resistance
 y - the +1 robe of Circular Logic (worn) {rN+ Slay+2}
   (You took it off an orc wizard on level 4 of the Dungeon)

   It affects your accuracy and damage with ranged weapons and melee attacks
   (+2).
   It protects you from negative energy.
Jewellery
 q - an uncursed ring of fire
Wands
 g - a wand of iceblast (2/15)
 m - a wand of digging (8/24)
 o - a wand of teleportation (4/9)
 B - a wand of random effects (24/48)
Scrolls
 d - 4 scrolls of teleportation
 k - a scroll of magic mapping
 l - 4 scrolls of recharging
 s - a scroll of enchant armour
 u - a scroll of remove curse
 v - a scroll of fog
Potions
 b - 2 potions of curing
 e - 2 potions of heal wounds
 f - 3 potions of might
 h - a potion of agility
 n - a potion of invisibility
 p - a potion of cure mutation
 z - a potion of lignification
Comestibles
 c - 3 bread rations
 j - a beef jerky
 w - a meat ration


   Skills:
 + Level 13.1 Fighting
 + Level 13.3 Long Blades
 - Level 2.4 Armour
 - Level 2.1 Dodging


You had 9 spell levels left.
You didn't know any spells.

Dungeon Overview and Level Annotations

Branches:
Dungeon (9/15)             Temple (0/1) D:7
   Lair: D:8-11         Orc: D:9-12

Altars:
Makhleb

Shops:
D:4 %

Annotations:
D:4 Menkaure


Innate Abilities, Weirdness & Mutations

You reflexively headbutt those who attack you in melee.
You have a pair of horns on your head.


Message History

You kill the orc priest!
Trog accepts your kill. The orc warrior barely misses you.
You slash the two-headed ogre!
The two-headed ogre is moderately wounded.
The two-headed ogre closely misses you.
The two-headed ogre hits you with a giant spiked club!
* * * LOW HITPOINT WARNING * * *
The orc warrior hits you from afar with a glaive!!
* * * LOW HITPOINT WARNING * * *
You slash the two-headed ogre! You headbutt the two-headed ogre.
The two-headed ogre is almost dead.
Your skin stops crawling.
You feel less resistant to hostile enchantments.
You slash the two-headed ogre!
You kill the two-headed ogre!
Trog accepts your kill. The orc warrior misses you.
The orc warrior hits you with a glaive!!
You die...

#............
#.....##..###
#....###..... #.#.##
#..### #.#.####..# .
#.#.......# # ...
####....###.## #
##..######...........#
#
#.....))@o.#####.#####
##....###### #.#
#..... #.# ....... #.#
....... #.# .......
#.# ....... #.#
.###### #.# #.#


You could see an orc warrior.

Vanquished Creatures
  Pikel (D:4)
  The ghost of Genou the Chopper, an amateur DsFi (D:4)
  A two-headed ogre (D:9)
  Grinder (D:4)
  5 yaks (D:9)
  2 hungry ghosts
  Duvessa (D:4)
  An orc warrior (D:9)
  3 sky beasts
  4 ice beasts
  4 slaves (D:4)
  A black bear (D:8)
  2 phantoms
  An ogre (D:7)
  2 centaurs
  2 big kobolds
  A giant frog (D:7)
  Dowan (D:4)
  3 scorpions
  5 wights (D:6)
  A howler monkey (D:7)
  A crimson imp (D:9)
  A quasit (D:7)
  A hound (D:8)
  3 jellies
  11 orc priests
  3 giant frog skeletons
  11 orc wizards
  A centaur skeleton (D:8)
  Ijyb (D:3)
  Natasha (thrice) (D:3)
  An iguana (D:7)
  6 worker ants
  2 hound skeletons
  A hound zombie (D:8)
  2 worker ant zombies
  A howler monkey zombie (D:8)
  A howler monkey skeleton (D:5)
  10 adders
  An ooze (D:3)
  2 adder zombies
  An adder skeleton (D:6)
  4 worms
  2 dart slugs
  7 giant geckos
  34 orcs
  3 bats
  6 giant cockroaches
  6 goblins
  6 hobgoblins
  5 jackals
  9 kobolds
  3 quokkas
  5 ball pythons
  4 giant newts
  A quokka skeleton (D:4)
  2 quokka zombies
  10 rats
214 creatures vanquished.

Notes
Turn   | Place    | Note
--------------------------------------------------------------
     0 | D:1      | Kloppie the Minotaur Berserker began the quest for the Orb.
     0 | D:1      | Reached XP level 1. HP: 19/19 MP: 0/0
   590 | D:1      | Reached XP level 2. HP: 18/27 MP: 1/1
  1199 | D:2      | Found a faded altar to an unknown god.
  1202 | D:2      | Reached XP level 3. HP: 34/34 MP: 2/2
  1257 | D:2      | Reached ** piety under Trog
  1562 | D:2      | Reached skill level 5 in Fighting
  1562 | D:2      | Reached skill level 5 in Long Blades
  1562 | D:2      | Reached XP level 4. HP: 39/42 MP: 3/3
  1872 | D:3      | Found a burning altar of Makhleb.
  1876 | D:3      | Noticed Ijyb
  1881 | D:3      | Killed Ijyb
  1971 | D:3      | Noticed Natasha
  1982 | D:3      | Killed Natasha
  1983 | D:3      | Reached XP level 5. HP: 38/48 MP: 4/4
  2781 | D:3      | Noticed Natasha
  2791 | D:3      | Killed Natasha
  2791 | D:3      | Reached *** piety under Trog
  2791 | D:3      | Reached XP level 6. HP: 39/57 MP: 5/5
  2846 | D:3      | Noticed Natasha
  2851 | D:3      | Killed Natasha
  3251 | D:4      | Noticed Duvessa
  3251 | D:4      | Noticed Dowan
  3265 | D:4      | Killed Duvessa
  3268 | D:4      | Killed Dowan
  3320 | D:4      | Noticed Genou's ghost (amateur DsFi)
  3336 | D:4      | Killed Genou's ghost
  3336 | D:4      | Reached XP level 7. HP: 63/67 MP: 6/6
  3556 | D:4      | Found Ocianki's Food Emporium.
  3767 | D:4      | Got a smoking robe
  3778 | D:4      | Identified the +1 robe of Circular Logic {rN+ Slay+2} (You took it off an orc wizard on level 4 of the Dungeon)
  3792 | D:4      | Noticed Grinder
  3801 | D:4      | Killed Grinder
  3996 | D:4      | Noticed Pikel
  4005 | D:4      | Reached XP level 8. HP: 75/75 MP: 7/7
  4273 | D:4      | Killed Pikel
  4432 | D:4      | Noticed Menkaure
  4469 | D:4      | Reached skill level 10 in Long Blades
  4558 | D:4      | Reached skill level 10 in Fighting
  4733 | D:5      | Entered Level 5 of the Dungeon
  4995 | D:5      | Reached XP level 9. HP: 70/86 MP: 8/8
  5166 | D:5      | Got a twisted large shield
  5172 | D:5      | Identified the cursed -10 large shield "Totowiq" {MP+9 Int+2} (You found it on level 5 of the Dungeon)
  5563 | D:5      | You fall through a shaft for 2 floors!
  6936 | D:7      | Reached **** piety under Trog
  7009 | D:7      | Found a staircase to the Ecumenical Temple.
  7122 | D:7      | Identified the Compendium of Triumph
  7794 | D:8      | Reached XP level 10. HP: 97/97 MP: 9/9
  8375 | D:9      | Got a translucent iron ring
  8610 | D:9      | Identified the ring of Poapien {rCorr *Confuse Int+5} (You found it on level 9 of the Dungeon)
  8843 | D:9      | Mangled by an orc warrior

Skill      XL: |  1  2  3  4  5  6  7  8  9 10 |
---------------+-------------------------------+-----
Long Blades    | 4 5 6 7 8 10 12 13 | 13.3
Fighting       | 4 5 6 7 8 10 12 13 | 13.1
Armour         | |  2.4
Dodging        | |  2.1

Action                   |  1- 3 |  4- 6 |  7- 9 | 10-12 || total
-------------------------+-------+-------+-------+-------++-------
Melee: Falchion          |    70 |   110 |   127 |       ||   307
       Headbutt          |    11 |    18 |    63 |    16 ||   108
       Long sword        |       |       |    77 |       ||    77
       Scimitar          |       |       |    98 |    85 ||   183
Invok: Trog's Hand       |       |     2 |     8 |     1 ||    11
       Berserk           |       |     1 |     2 |     1 ||     4
  Use: Scroll            |       |       |    20 |       ||    20
       Potion            |       |       |       |     1 ||     1
 Stab: Sleeping          |     1 |       |     1 |       ||     2
       Distracted        |       |       |     1 |       ||     1
  Eat: Chunk             |     2 |     6 |    17 |     1 ||    26
       Beef jerky        |       |       |     1 |       ||     1
       Meat ration       |       |       |       |     1 ||     1
Armor: Animal skin       |     6 |     3 |       |       ||     9
       Leather armour    |       |    26 |     8 |       ||    34
       Robe              |       |       |    50 |    11 ||    61
Dodge: Dodged            |    38 |    46 |   137 |    26 ||   247
